 Dungeon Crawl Stone Soup version 0.21-a0-71-g5e5ddd2 (webtiles) character file.

503 cfbundy the Slasher (level 7, -1/36 HPs)
             Began as a Vine Stalker Monk on June 19, 2017.
             Slain by Edmund
             ... wielding a +2 dire flail of protection
              (10 damage)
             ... on level 5 of the Dungeon.
             The game lasted 00:07:30 (4436 turns).

cfbundy the Slasher (Vine Stalker Monk)             Turns: 4436, Time: 00:07:31

Health: -1/36      AC:  4    Str: 13    XL:     7   Next: 17%
Magic:  0/8        EV: 14    Int: 12    God:
Gold:   265        SH:  0    Dex: 17    Spells: 6/6 levels left

rFire    . . .     SeeInvis .   a - +0 falchion
rCold    . . .     Gourm    .   (no shield)
rNeg     . . .     Faith    .   u - +0 robe
rPois    .         Spirit   +   (no helmet)
rElec    .         Reflect  .   (no cloak)
rCorr    .         Harm     .   q - +0 pair of gloves
MR       .....                  l - +0 pair of boots
Stlth    +++.......             (no amulet)
HPRegen  0.52/turn              i - ring of stealth
MPRegen  0.11/turn              (no ring)

@: no status effects
A: fangs 2, regeneration 1, magic shield, antimagic bite, no potion heal 3, rot
immunity
a: no special abilities


You were on level 5 of the Dungeon.
You were near starving.

You visited 1 branch of the dungeon, and saw 5 of its levels.

You collected 265 gold pieces.

Inventory:

Hand Weapons
 a - a +0 falchion (weapon)
 b - a +2 dagger of electrocution
Armour
 l - a +0 pair of boots (worn)
 q - a +0 pair of gloves (worn)
 u - a +0 robe (worn)
Magical Staves
 x - an uncursed staff of wizardry
Jewellery
 i - a ring of stealth (left hand)
Wands
 A - a wand of iceblast (4/15)
Scrolls
 h - 2 scrolls of magic mapping {unknown}
 j - 2 scrolls of recharging {unknown}
 k - 2 scrolls of immolation
 n - 3 scrolls of teleportation
 s - 3 scrolls of remove curse
 y - 2 scrolls of enchant weapon
Potions
 e - a potion of berserk rage {unknown}
 f - a potion of ambrosia {unknown}
 g - a potion of brilliance {unknown}
 m - 3 potions of curing {unknown}
 o - 2 potions of agility {unknown}
 r - 2 potions of lignification {unknown}
 t - a potion of flight {unknown}
 v - a potion of invisibility {unknown}
 w - a potion of might
 z - a potion of degeneration {unknown}
Comestibles
 c - 5 bread rations
 d - a royal jelly
 p - a meat ration


   Skills:
 - Level 3.1 Fighting
 * Level 6.2 Long Blades
 + Level 3.8 Dodging
 - Level 2.4 Stealth


You had 6 spell levels left.
You didn't know any spells.

Dungeon Overview and Level Annotations

Branches:
Dungeon (5/15)
 Temple: D:4-7

Altars:
Dithmenos
Qazlal

Annotations:
D:3 kitkat's ghost, amateur DECj
D:5 Edmund


Innate Abilities, Weirdness & Mutations

You have extremely sharp teeth.
Your natural rate of healing is unusually fast.
When hurt, damage is shared between your health and your magic reserves.
Your bite disrupts and absorbs the magic of your enemies.
Potions cannot restore your health.
You are immune to rotting.


Message History

Found an escape hatch in the floor.
g - an orange potion Edmund the Younger comes into view.
He is wielding a dire flail of protection.
Found 16 stones.
You see here 3 scrolls of identify.
Edmund shouts!
You hear the crackle of electricity.
b - a +2 dagger of electrocution (weapon)
Edmund hits you with a dire flail of protection!
You hit Edmund but do no damage. Your bite misses Edmund.
Edmund hits you with a dire flail of protection!
You hit Edmund but do no damage.
Your +2 dagger of electrocution stops crackling.
a - a +0 falchion (weapon)
Edmund hits you with a dire flail of protection!
* * * LOW HITPOINT WARNING * * *
You hit Edmund. Your bite misses Edmund.
Edmund is lightly wounded.
Edmund hits you with a dire flail of protection!
You die...

#..# ##.#.##### #...
..# #........# #....
#.# #..#.##...
...### #.#
#......... ##.# #(#
#.#..##... #.# #.#
#.#..###.# #.#
#[#..###.# #@#
#.#......# #@#
#.#.###... #.#
#.#......# #.#
#.#..##... #?##
####.#..##...
#..#.###.......###.#
#.###..............#
#. #.###..#.#..#####
# #.# #............
## #..#.##.#####


You could see Edmund.

Vanquished Creatures
  A bullfrog zombie (D:5)
  A hound (D:4)
  An orc wizard (D:4)
  2 orc priests (D:4)
  A bullfrog skeleton (D:4)
  Ijyb (D:4)
  2 worker ants
  7 gnolls
  6 adders
  3 worms
  6 dart slugs
  A leopard gecko (D:4)
  14 orcs
  4 giant cockroaches
  8 goblins
  11 hobgoblins
  6 jackals
  3 quokkas
  A ball python (D:2)
  A ball python zombie (D:5)
  10 bats
  A frilled lizard (D:1)
  6 kobolds
  A quokka skeleton (D:4)
  9 rats
107 creatures vanquished.

Notes
Turn   | Place    | Note
-------+----------+-------------------------------------------
     0 | D:1      | cfbundy the Vine Stalker Monk began the quest for the Orb.
     0 | D:1      | Reached XP level 1. HP: 11/11 MP: 2/2
   240 | D:1      | Reached skill level 3 in Long Blades
   240 | D:1      | Reached XP level 2. HP: 14/16 MP: 3/3
   819 | D:1      | Reached XP level 3. HP: 20/20 MP: 4/4
  1674 | D:2      | Gained mutation: Your natural rate of healing is unusually fast. [Vine Stalker growth]
  1674 | D:2      | Reached XP level 4. HP: 11/24 MP: 3/5
  1710 | D:2      | Reached skill level 4 in Long Blades
  2171 | D:2      | Found a shadowy altar of Dithmenos.
  2292 | D:1      | Reached XP level 5. HP: 28/28 MP: 4/6
  2547 | D:2      | Found a stormy altar of Qazlal.
  2961 | D:3      | Noticed kitkat's ghost (amateur DECj)
  2975 | D:3      | HP: 1/28 [kitkat's ghost/magic dart (6)]
  3065 | D:3      | Reached skill level 5 in Long Blades
  3206 | D:4      | Reached XP level 6. HP: 30/32 MP: 7/7
  3329 | D:5      | Entered Level 5 of the Dungeon
  3784 | D:4      | Noticed Ijyb
  3832 | D:4      | Killed Ijyb
  3832 | D:4      | Reached skill level 6 in Long Blades
  3880 | D:3      | Reached XP level 7. HP: 33/36 MP: 8/8
  4428 | D:5      | Noticed Edmund
  4436 | D:5      | Slain by Edmund

Vault maps used:
D:1:      scummos_arrival_star
D:2:      lemuel_coloured_pillars_altar, kennysheep_nub, fountainhead,
          grunt_dithmenos_smoke
D:3:      okawaru_ov_weapons_minmay
D:4:      uniq_ijyb
D:5:      nicolae_ru_sacrificial_ziggurat, nicolae_overflow_hidden_temple,
          first_bread, uniq_eustachio, uniq_edmund

Skill      XL: |  1  2  3  4  5  6 |
---------------+-------------------+-----
Long Blades    | 3 4 5 6 |  6.2
Fighting       | 3 |  3.1
Dodging        | 3 |  3.8
Stealth        | |  2.4

Action                   |  1- 3 |  4- 6 |  7- 9 || total
-------------------------+-------+-------+-------++-------
Melee: Falchion          |    76 |   266 |    25 ||   367
       Bite              |    21 |    89 |     7 ||   117
       Dagger            |       |     5 |     2 ||     7
  Use: Scroll            |       |       |     5 ||     5
 Stab: Sleeping          |     5 |     7 |       ||    12
       Distracted        |     1 |     1 |       ||     2
  Eat: Chunk             |     2 |     8 |       ||    10
Armor: Robe              |    17 |    50 |     3 ||    70
Dodge: Dodged            |    43 |   185 |    12 ||   240
       Rpst.: Falchion   |    12 |    55 |     3 ||    70
